 Dungeon Crawl Stone Soup version 0.26.0-16-gc1dbca0489 (webtiles) character file.

Game seed: 3503270574020698256

29726 112233 the Grappler (level 13, -17/92 HPs)
             Began as an Octopode Fighter on Jan 19, 2021.
             Was an Initiate of Gozag.
             Demolished by a stone giant (42 damage)
             ... on level 1 of the Orcish Mines.
             The game lasted 00:26:01 (24850 turns).

112233 the Grappler (Octopode Fighter)             Turns: 24850, Time: 00:26:01

Health: -17/92     AC:  2    Str: 18    XL:     13   Next: 47%
Magic:  19/19      EV: 27    Int: 10    God:    Gozag
Gold:   1760       SH: 17    Dex: 16    Spells: 13/20 levels left

rFire    . . .     SeeInvis +     - Unarmed
rCold    . . .     Faith    .   a - +0 kite shield
rNeg     . . .     Spirit   .   m - +1 hat
rPois    +         Reflect  +   f - amulet of reflection
rElec    .         Harm     .   t - ring of poison resistance
rCorr    .         Rampage  .   u - ring of wizardry
Will     .....                  b - ring of Oenomania {EV+4 Dex+4}
Stlth    +++.......             y - ring of see invisible
HPRegen  0.25/turn              j - +4 ring of evasion
MPRegen  0.16/turn              (no ring)
                                (no ring)
                                (no ring)

@: no status effects
A: almost no armour, stealthy swim, amphibious, 8 rings, constrict 8, camouflage
1, mutation resistance 1, weak 1, gelatinous body 1
a: Renounce Religion, Potion Petition, Call Merchant, Bribe Branch


You were on level 1 of the Orcish Mines.
You worshipped Gozag.
Gozag was most pleased with you.
You visited 3 branches of the dungeon, and saw 18 of its levels.
You also visited: Volcano.

You collected 5118 gold pieces.
You spent 1477 gold pieces at shops.
You paid 1881 gold pieces to Gozag.

Inventory:

Hand Weapons
 p - a +1 dagger
Missiles
 e - 100 poisoned darts (quivered)
 B - 2 throwing nets {!f}
Armour
 a - a +0 kite shield (worn)
 m - a +1 hat (worn)
Jewellery
 b - the ring of Oenomania (on tentacle) {EV+4 Dex+4}
   (You found it on level 6 of the Dungeon)

   [ring of evasion]

   It affects your evasion (+4).
   It affects your dexterity (+4).
 f - an amulet of reflection (around mantle)
 j - a +4 ring of evasion (on tentacle)
 t - a ring of poison resistance (left tentacle)
 u - a ring of wizardry (right tentacle)
 w - an uncursed amulet of the acrobat {unknown}
 y - a ring of see invisible (on tentacle)
 A - a cursed amulet of inaccuracy {unknown}
 H - an uncursed ring of see invisible
 M - an uncursed ring of protection from fire {unknown}
Wands
 v - a wand of digging (1)
 F - a wand of flame (4)
Scrolls
 g - a scroll of summoning
 i - 3 scrolls of random uselessness
 k - 4 scrolls of magic mapping
 l - 8 scrolls of remove curse {@r2}
 n - 2 scrolls of teleportation {@r3}
 q - 4 scrolls of enchant armour
 s - 5 scrolls of fog
 z - 3 scrolls of enchant weapon
 C - 3 scrolls of amnesia
 E - a scroll of brand weapon
 G - 2 scrolls of blinking
 K - a scroll of fear
 L - a scroll of holy word {unknown}
Potions
 c - 4 potions of attraction
 h - 2 potions of mutation
 o - 3 potions of haste
 r - 3 potions of degeneration
 x - 6 potions of flight
 D - a potion of ambrosia
 I - 2 potions of brilliance
 J - 2 potions of resistance {unknown}
 N - a potion of magic {unknown}


   Skills:
 + Level 9.9 Fighting
 + Level 9.9 Dodging
 + Level 2.1 Stealth
 + Level 9.8 Shields
 * Level 13.0 Unarmed Combat
 + Level 4.1 Spellcasting
 + Level 4.7 Transmutations
 + Level 4.5 Earth Magic
 + Level 3.0 Evocations


You had 13 spell levels left.
You knew the following spells:

 Your Spells              Type           Power        Failure   Level
a - Apportation           Tloc           4%           19%         1
b - Statue Form           Tmut/Erth      7%           98%         6

Your spell library contained the following spells:

 Spells                   Type           Power        Failure   Level
 Animate Skeleton         Necr           4%           19%         1
 Pain                     Necr           8%           19%         1
 Corpse Rot               Necr/Air       N/A          28%         2
 Sublimation of Blood     Necr           1%           28%         2
 Lesser Beckoning         Tloc           1%           47%         3
 Tukima's Dance           Hex            2%           47%         3
 Vampiric Draining        Necr           1%           47%         3
 Animate Dead             Necr           1%           86%         4
 Dispel Undead            Necr           2%           86%         4
 Alistair's Intoxication  Tmut/Pois      4%           87%         5
 Irradiate                Conj/Tmut      3%           87%         5
 Hydra Form               Tmut           5%           98%         6
 Agony                    Necr           2%           99%         5
 Excruciating Wounds      Necr           1%           99%         5
 Invisibility             Hex            2%           100%        6
 Dragon Form              Tmut           5%           100%        7


Dungeon Overview and Level Annotations

Branches:
Dungeon (12/15)            Temple (0/1) D:4            Lair (4/6) D:8
 Shoals (0/4) Lair:3          Orc (2/2) D:9             Elf (0/3) Orc:2
Volcano (visited)
  Snake: Lair:2-4    Spider: Lair:2-4

Altars:
Elyvilon
Fedhas
Gozag
Kikubaaqudgha
Makhleb
Sif Muna
Trog
Uskayaw
Xom
Yredelemnul
Beogh

Shops:
D:5 (   D:10 ?   D:12 :**   Orc:2 =

Portals:
Trove: D:11 (give +7 demon whip)

Annotations:
D:6 1 runed translucent door, Crazy Yiuf
D:12 2 transporters, Bananafolds's ghost, journeyman DrAE
Lair:3 exclusions: downstairs and 5 oklob plants
Orc:1 2 transporters, Tewichka's ghost, journeyman GrHu


Innate Abilities, Weirdness & Mutations

You cannot wear most types of armour.
You are very stealthy in the water. (Stealth+)
You are amphibious.
You can wear up to eight rings at the same time.
You can use your tentacles to constrict eight enemies at once.
Your skin changes colour to match your surroundings (Stealth+).
Your rubbery body absorbs attacks. (AC +1, EV +1)
You are somewhat resistant to further mutation.
You are weak. (Str -2)


Message History

You climb downwards.
The centaur shoots an arrow.
The arrow misses you.
The centaur shoots an arrow.
You reflect the arrow off an invisible shield around you!
The arrow hits the centaur.
The centaur shoots an arrow.
You reflect the arrow off an invisible shield around you!
The arrow closely misses the centaur.
There is a stone staircase leading up, spattered with blood here.
You see here a large rock.
Okay, then.
Okay, then.
The centaur shoots an arrow.
You reflect the arrow off an invisible shield around you!
The arrow hits the centaur!
The centaur shoots an arrow.
You reflect the arrow off an invisible shield around you!
The arrow hits the centaur.
You climb upwards.
Level annotation: 2 transporters, Tewichka's ghost, journeyman GrHu The stone giant hits you!!!
You die...
Your body crumbles into a pile of gold.

### ##................##
###<###.#....#...........#
##....[.......##...#...#.##
##.....[......##....#...#######
#....#.................####.#.#
###....##...........#....#.#.....
#.............................#..
..........#....C)[.............##
#...............@...^............
#..............[.....#........###
##...............[..##......###.
#####.#...#.......##.#..#.## .#.
####.##.............#.# ...#
###...##........##.##.#..
#............###..#h.W#
##..........## ##.#..##
##.#..........####.#....


You could see a stone giant.

Vanquished Creatures
  2 boulder beetles
  Urug (Lair:1)
  An orc knight (Orc:1)
  2 ugly things (D:12)
  A cyclops (D:11)
  A manticore (D:12)
  A gargoyle (D:11)
  A molten gargoyle (Volcano)
  2 centaur skeletons (D:10)
  2 rime drakes (Lair:2)
  An efreet (Volcano)
  4 cane toads
  3 komodo dragons
  Prince Ribbit (D:5)
  A queen bee (D:8)
  3 trolls
  A hornet (D:9)
  5 blink frogs (Lair:1)
  5 slime creatures
  Eustachio (D:6)
  A wyvern (Lair:2)
  2 wraiths
  A fire elemental (Volcano)
  A steam dragon (Lair:3)
  2 basilisks
  35 yaks
  Grum (D:10)
  Edmund (D:6)
  15 water moccasins
  2 wargs
  5 sky beasts
  12 orc warriors
  An ice beast (D:9)
  2 phantoms
  10 ogres
  A black bear (D:6)
  23 wolves
  6 centaurs
  12 bullfrogs
  A gnoll sergeant (D:8)
  3 earth elementals (Volcano)
  6 scorpions
  30 killer bees
  An electric eel (Lair:1)
  5 wights (D:11)
  A howler monkey (D:6)
  2 lava snakes (D:11)
  3 centaur zombies
  2 jellies
  14 orc priests
  8 hounds
  A bullfrog skeleton (D:9)
  2 gnoll shamans
  14 orc wizards
  Ijyb (D:3)
  2 iguanas
  8 worker ants
  2 howler monkey zombies (D:7)
  2 worker ant zombies
  9 adders
  18 gnolls
  2 river rats (D:6)
  A shadow imp (D:7)
  2 white imps
  4 ufetubi
  An ooze (D:1)
  An adder zombie (D:7)
  An adder skeleton (D:4)
  4 worms
  A dart slug (D:1)
  9 leopard geckos
  45 orcs
  5 giant cockroaches
  2 gnoll zombies (D:5)
  10 goblins
  11 hobgoblins
  20 jackals
  7 kobolds
  6 quokkas
  A ball python (D:2)
  7 bats
  3 frilled lizards
  A leopard gecko skeleton (D:4)
  A quokka zombie (D:4)
  15 rats
  A fire vortex (Volcano)
468 creatures vanquished.

Vanquished Creatures (others)
  55 fungi
  52 plants
107 creatures vanquished.

Grand Total: 575 creatures vanquished

Notes
Turn   | Place    | Note
-------+----------+-------------------------------------------
     0 | D:1      | 112233 the Octopode Fighter began the quest for the Orb.
     0 | D:1      | Reached XP level 1. HP: 16/16 MP: 1/1
   119 | D:1      | Reached XP level 2. HP: 10/21 MP: 2/2
   482 | D:1      | Reached XP level 3. HP: 13/26 MP: 3/3
  1710 | D:2      | Reached skill level 3 in Unarmed Combat
  1793 | D:2      | Found a burning altar of Makhleb.
  1796 | D:2      | Found an opulent altar of Gozag.
  1799 | D:2      | Found a hide-covered altar of Uskayaw.
  1813 | D:2      | Became a worshipper of Gozag Ym Sagoz the Greedy
  2142 | D:3      | Reached XP level 4. HP: 27/31 MP: 4/4
  2386 | D:3      | Noticed Ijyb
  2552 | D:3      | Killed Ijyb
  2553 | D:3      | Reached XP level 5. HP: 29/36 MP: 5/5
  2723 | D:3      | You fall into a shaft and drop 2 floors!
  2723 | D:5      | Entered Level 5 of the Dungeon
  2724 | D:5      | Noticed a centaur
  3638 | D:3      | Reached skill level 4 in Unarmed Combat
  3824 | D:3      | Reached XP level 6. HP: 34/43 MP: 6/6
  3927 | D:4      | Noticed a phantom
  3968 | D:4      | Killed a phantom
  4574 | D:4      | Reached XP level 7. HP: 49/49 MP: 7/7
  4582 | D:4      | Found a shimmering blue altar of Sif Muna.
  4586 | D:4      | Found a white marble altar of Elyvilon.
  4599 | D:4      | Found a bloodstained altar of Trog.
  4728 | D:4      | Found a staircase to the Ecumenical Temple.
  4868 | D:5      | Found Astedobi's Weapon Boutique.
  4911 | D:5      | Reached skill level 5 in Unarmed Combat
  4934 | D:5      | Noticed Prince Ribbit
  5011 | D:5      | Killed Prince Ribbit
  5157 | D:5      | Reached XP level 8. HP: 46/54 MP: 8/8
  5281 | D:5      | Found a basalt altar of Yredelemnul.
  5347 | D:5      | Reached skill level 5 in Fighting
  5347 | D:5      | Reached skill level 5 in Dodging
  5347 | D:5      | Reached skill level 6 in Unarmed Combat
  5457 | D:5      | Reached skill level 5 in Shields
  5458 | D:5      | Found a bloodstained altar of Trog.
  5570 | D:5      | Found a blossoming altar of Fedhas.
  5571 | D:5      | Found an ancient bone altar of Kikubaaqudgha.
  5631 | D:6      | Noticed Eustachio
  5644 | D:6      | Killed Eustachio
  6045 | D:6      | Reached skill level 7 in Unarmed Combat
  6084 | D:6      | Got a transparent steel ring
  6112 | D:6      | Identified the ring of Oenomania {EV+4 Dex+4} (You found it
                  | on level 6 of the Dungeon)
  6221 | D:6      | Noticed Edmund
  6233 | D:6      | Killed Edmund
  6300 | D:6      | Found a glowing drain.
  6426 | D:6      | Reached XP level 9. HP: 47/62 MP: 9/9
  6430 | D:6      | Found a white marble altar of Elyvilon.
  6774 | D:6      | Found a runed translucent door.
  6775 | D:6      | Noticed Crazy Yiuf
  7962 | D:8      | Reached skill level 8 in Unarmed Combat
  8778 | D:8      | Found a staircase to the Lair.
  9233 | D:8      | Found a shimmering altar of Xom.
  9396 | D:9      | Noticed a hornet
  9403 | D:9      | Killed a hornet
  9404 | D:9      | Reached skill level 9 in Unarmed Combat
  9404 | D:9      | Reached XP level 10. HP: 53/69 MP: 10/10
  9863 | D:9      | Found a staircase to the Orcish Mines.
 10172 | Orc:1    | Entered Level 1 of the Orcish Mines
 10180 | Orc:1    | Noticed an orc knight
 10471 | Orc:1    | Found a transporter.
 10472 | Orc:1    | Noticed Tewichka's ghost (journeyman GrHu)
 10475 | Orc:1    | Noticed a moth of wrath
 10485 | Orc:1    | Found a transporter.
 10518 | Orc:1    | Killed an orc knight
 10981 | Orc:2    | Entered Level 2 of the Orcish Mines
 11082 | Orc:2    | Reached skill level 10 in Unarmed Combat
 11545 | Orc:2    | Noticed a stone giant
 11925 | Orc:1    | Gained mutation: You are weak. (Str -2) [potion of
                  | mutation]
 11925 | Orc:1    | Gained mutation: You are somewhat resistant to further
                  | mutation. [potion of mutation]
 11946 | Orc:1    | Found a roughly hewn altar of Beogh.
 13009 | Orc:2    | Found Qaobeycy's Jewellery Emporium.
 13080 | Orc:1    | Reached XP level 11. HP: 77/77 MP: 11/11
 13509 | Orc:2    | Found a staircase to the Elven Halls.
 13794 | D:10     | Entered Level 10 of the Dungeon
 13945 | D:10     | Found Hism's Magic Scroll Boutique.
 13952 | D:10     | Bought a scroll of blinking for 82 gold pieces
 13952 | D:10     | Bought a scroll of teleportation for 33 gold pieces
 13952 | D:10     | Bought a scroll of summoning for 104 gold pieces
 13952 | D:10     | Bought a scroll of blinking for 82 gold pieces
 13952 | D:10     | Bought a scroll of fog for 22 gold pieces
 13952 | D:10     | Bought a scroll of identify for 22 gold pieces
 14064 | D:10     | Noticed a boulder beetle
 14224 | D:11     | Reached skill level 11 in Unarmed Combat
 14618 | D:11     | Found a portal to a secret trove of treasure.
 15114 | D:11     | Noticed a cyclops
 15167 | D:11     | Killed a cyclops
 15879 | D:12     | Found Jebet's Book Emporium.
 15889 | D:12     | Bought a book of Transfigurations for 770 gold pieces
 15891 | D:12     | Learned a level 1 spell: Apportation
 15898 | D:12     | Learned a level 6 spell: Statue Form
 15977 | D:12     | Noticed a brown ugly thing
 15987 | D:12     | Killed a brown ugly thing
 16400 | D:12     | Found a transporter.
 16425 | D:12     | Found Viyniom's General Store.
 16428 | D:12     | Bought 2 potions of curing for 102 gold pieces
 16428 | D:12     | Bought a potion of curing for 51 gold pieces
 16428 | D:12     | Bought a potion of invisibility for 136 gold pieces
 16428 | D:12     | Bought a scroll of identify for 34 gold pieces
 16439 | D:12     | Noticed a white ugly thing
 16451 | D:12     | Killed a white ugly thing
 16554 | D:12     | Reached skill level 1 in Spellcasting
 16554 | D:12     | Reached skill level 1 in Transmutations
 16573 | D:12     | Noticed a manticore
 16576 | D:12     | Reached skill level 1 in Earth Magic
 16584 | D:12     | Killed a manticore
 16792 | D:12     | Found a transporter.
 16794 | D:12     | Noticed Bananafolds's ghost (journeyman DrAE)
 16798 | D:12     | Noticed a stone giant
 16799 | D:12     | Noticed a seven-headed hydra
 16845 | D:12     | Found Jaogg's General Store.
 17222 | D:12     | Reached XP level 12. HP: 63/84 MP: 14/14
 17395 | D:12     | Bought a potion of lignification for 39 gold pieces
 17830 | D:10     | Killed a boulder beetle
 17839 | D:10     | Reached skill level 12 in Unarmed Combat
 18187 | D:10     | Noticed Grum
 18200 | D:10     | Killed Grum
 18569 | Lair:1   | Entered Level 1 of the Lair of Beasts
 19914 | Lair:1   | Noticed Urug
 20056 | Lair:2   | Found a dark tunnel.
 20075 | Lair:2   | Reached skill level 1 in Evocations
 20107 | Volcano  | Entered a volcano
 21045 | Lair:2   | Noticed a boulder beetle
 21068 | Lair:2   | Killed a boulder beetle
 21069 | Lair:2   | Reached XP level 13. HP: 52/90 MP: 18/18
 22071 | Lair:2   | You fall into a shaft and drop 1 floor!
 22147 | Lair:3   | Found a staircase to the Shoals.
 23544 | Lair:1   | Reached skill level 1 in Stealth
 23558 | Lair:1   | Killed Urug
 23559 | Lair:1   | Reached skill level 13 in Unarmed Combat
 24850 | Orc:1    | Demolished by a stone giant

Illustrated notes

Levels and vault maps discovered:
D:1:      dpeg_arrival_ratfight, layout_basic
D:2:      layout_rooms, grunt_temple_overflow_diamond
D:3:      layout_loops_ring, minmay_crystal_room, eino_tiny_chamber,
          corner_web_ring, uniq_ijyb
D:4:      layout_cave_pools, minmay_overflow_temple_star_quad,
          minmay_temple_entry_statues_fountains
D:5:      layout_rooms, grunt_temple_overflow_growth_and_decay,
          lemuel_zombie_altar_yredelemnul, serial_shops, shop,
          trog_hazing_becter, uniq_prince_ribbit1
D:6:      layout_basic, basic_altar, portal_sewer_entry_b, st_stairs_10,
          uniq_eustachio, uniq_crazy_yiuf_cottage, uniq_edmund
D:7:      layout_gridville
D:8:      layout_loops_ring, kennysheep_mini, due_lair_maze_entry_diamond
D:9:      layout_cave_pools, orc_0_dummy
D:10:     layout_basic, serial_shops, shop, uniq_grum
D:11:     layout_small_grid, trove_entry_hex_spiral, corexii_corridor_pit,
          columned_hall_lemuel, kennysheep_minor_cross
D:12:     layout_small_grid, serial_shops, kennysheep_mini_moat, shop,
          shop_coins, gammafunk_ghost_arena
Lair:1:   layout_loops_ring, special_room [special_room_bee], st_stairs_13,
          minivault_27, nicolae_quartered_pool_little, uniq_urug
Lair:2:   layout_regular_city, nicolae_spider_entry_orb_guardian,
          nicolae_volcano_entry_lava_flow, grunt_megastairs_2
Lair:3:   dpeg_oklob_shooting_range, layout_cave_pods,
          minmay_shoals_entry_beasts, minmay_lair_oklob_chamber
Lair:4:   dragon1_lemuel, layout_cave_pods
Orc:1:    layout_caves, gammafunk_ghost_berserking_beasts, basic_altar
Orc:2:    st_orc_rangers, layout_diamond_mine, serial_shops, shop

Skill      XL: |  1  2  3  4  5  6  7  8  9 10 11 12 13 |
---------------+----------------------------------------+-----
Unarmed Combat | 3 4 5 7 9 10 11 12 13 | 13.0
Fighting       | 4 5 6 7 8 9 |  9.9
Dodging        | 4 5 6 8 9 |  9.9
Shields        | 4 5 6 7 8 9 |  9.8
Spellcasting   | 1 3 4 |  4.1
Transmutations | 1 4 |  4.7
Earth Magic    | 1 3 4 |  4.5
Evocations     | 1 3 |  3.0
Stealth        | 2 |  2.1

Action                   |  1- 3 |  4- 6 |  7- 9 | 10-12 | 13-15 || total
-------------------------+-------+-------+-------+-------+-------++-------
Melee: Unarmed           |    85 |   132 |   282 |   841 |   198 ||  1538
       Constrict         |    25 |    32 |    72 |   117 |    23 ||   269
       Tentacles         |    11 |    31 |    61 |   212 |    65 ||   380
       Punch             |       |     3 |    24 |   107 |    19 ||   153
Throw: Dart              |       |       |       |    22 |       ||    22
Invok: Potion Petition   |       |       |       |     3 |       ||     3
Evoke: Wand              |       |       |       |     2 |       ||     2
  Use: Potion            |       |     1 |     1 |    15 |     5 ||    22
       Scroll            |       |       |     8 |    11 |     1 ||    20
 Stab: Sleeping          |     8 |     6 |     6 |     7 |     1 ||    28
       Distracted        |       |       |     2 |     6 |     3 ||    11
       Invisible         |       |       |       |     3 |     1 ||     4
Armor: Skin              |     3 |     7 |     6 |    51 |     1 ||    68
Dodge: Dodged            |    20 |    40 |    83 |   377 |    84 ||   604
Block: Kite shield       |    44 |    73 |   176 |   617 |   133 ||  1043
       Reflection        |       |     2 |    19 |    23 |     5 ||    49
